 Dungeon Sprint DCSS version 0.20-a0-556-g892c87b (webtiles) character file.

1720 Kidiri the Thaumaturge (level 8, -7/51 HPs)
             Began as a Deep Elf Fire Elementalist on Feb 4, 2017.
             Was a Follower of Vehumet.
             Shot with an arrow by a centaur warrior (16 damage)
             ... in the Dungeon (Sprint I: "Red Sonja").
             The game lasted 00:05:36 (1346 turns).

Kidiri the Thaumaturge (Deep Elf Fire Elementalist) Turns: 1346, Time: 00:05:37

Health: -7/51      AC: 10    Str:  5    XL:     8   Next: 75%
Magic:  14/27      EV: 17    Int: 23    God:    Vehumet [*.....]
Gold:   9          SH:  4    Dex: 21    Spells: 15/33 levels left

rFire    + . .     SeeInvis .   m - +7 short sword "Mefyumos" {pierce, Dex+6}
rCold    + . .     Gourm    .   o - +0 leather armour {rF+}
rNeg     . . .     Faith    .   p - +0 buckler {rC+}
rPois    .         Spirit   .   q - +1 helmet (curse)
rElec    .         Reflect  .   r - +2 cloak {+Inv}
rCorr    .         Harm     .   n - +0 pair of gloves
MR       .....     NoTele   +   (no boots)
Stlth    ++........             (no amulet)
Regen    0.2/turn               (no ring)
                                (no ring)

@: very slightly contaminated
A: no striking features
a: Renounce Religion, Evoke Invisibility


You were in the Dungeon.
You worshipped Vehumet.
Vehumet was aware of your devotion.
You were not hungry.

You visited 1 branch You collected 825 gold pieces.
You spent 816 gold pieces at shops.

Inventory:

Hand Weapons
 m - the +7 short sword "Mefyumos" (weapon) {pierce, Dex+6}
   (You bought it in a shop in the Dungeon)

   It inflicts extra damage upon your enemies.
   It affects your dexterity (+6).
Armour
 n - a +0 pair of gloves (worn)
 o - a +0 leather armour of fire resistance (worn)
 p - a +0 buckler of cold resistance (worn)
 q - a cursed +1 helmet (worn)
 r - a +2 cloak of invisibility (worn)
Scrolls
 j - 3 scrolls of identify
Potions
 d - 2 potions of curing
 f - a potion of haste
 g - 2 potions of magic
 h - a potion of berserk rage
Books
 b - a book of Flames

   Spells                             Type                      Level
   a - Flame Tongue                   Conjuration/Fire             1
   b - Throw Flame                    Conjuration/Fire             2
   c - Conjure Flame                  Conjuration/Fire             3
   d - Inner Flame                    Hexes/Fire                   3
   e - Sticky Flame                   Conjuration/Fire             4
   f - Fireball                       Conjuration/Fire             5
Comestibles
 a - a royal jelly
 c - a bread ration
 l - 4 fruits


   Skills:
 + Level 5.7 Fighting
 + Level 6.4 Short Blades
 + Level 5.7 Armour
 + Level 8.7 Dodging
 - Level 2.4 Stealth
 + Level 0.0 Shields
 * Level 13.0 Spellcasting
 + Level 7.8 Conjurations
 + Level 8.3 Fire Magic
 + Level 0.0 Evocations


You had 15 spell levels left.
You knew the following spells:

 Your Spells              Type           Power        Failure   Level  Hunger
a - Flame Tongue          Conj/Fire      #####        1%          1    None
b - Throw Flame           Conj/Fire      ######       1%          2    None
c - Conjure Flame         Conj/Fire      ######..     1%          3    None
d - Inner Flame           Hex/Fire       ####....     10%         3    None
e - Sticky Flame          Conj/Fire      ######..     4%          4    None
f - Fireball              Conj/Fire      ######....   14%         5    ###....


Dungeon Overview and Level Annotations

Branches:
Dungeon (1/1)

Altars:
Cheibriados
Dithmenos
Elyvilon
Fedhas
Gozag
Hepliaklqana
Kikubaaqudgha
Makhleb
Nemelex Xobeh
Okawaru
Qazlal
Ru
Sif Muna
Trog
Uskayaw
Vehumet
Xom
Yredelemnul
Zin
The Shining One
Jiyva
Lugonu

Shops:
D ?([


Message History

The flames covering the centaur warrior go out.
The centaur warrior stops burning.
The centaur warrior unwields an uncursed shortbow.
The centaur warrior misses you.
The centaur warrior shoots an arrow.
The arrow completely misses you.
Casting: Sticky Flame
Confirm with . or Enter, or press ? or * to list all spells.
Aiming: Flame Tongue
Press: ? - help, Shift-Dir - straight line, f/p - centaur warrior
Aim: a centaur warrior (purple smoke, moderately wounded)
Okay, then.
Okay, then.
Unknown command.
Blink to where?
Press: ? - help, Dir - move target cursor, p - centaur warrior You are very lightly contaminated with residual magic.
As you read the scroll of blinking, it crumbles to dust.
You close the door.
Something unseen opens the door.
The centaur warrior shoots an arrow.
The arrow hits you!
You die...

#..#####+#####'#__####
#..####..#...#.####§$#
#..#__####..##.#≈§§§.#
#..#_____##+#..+§§≈§.+
#⌠⌠#_.∩...+..._#§§§..#
####_..__##_(#+##c###
#_____###'#.#(.[[###
############.####'###)##
#∩........+.).+.@...+.∩#
###++++####...##########
###.### #.#+#.# #.....#
#.[)[.# #######


You could see a centaur warrior.

Vanquished Creatures
  Sonja (D)
  A deep troll (D)
  A slime creature (D)
  Sigmund (D)
  A yak (D)
  An ogre (D)
  A jelly (D)
  Ijyb (D)
  3 ballistomycetes (D)
  A ballistomycete spore (D)
12 creatures vanquished.

Vanquished Creatures (others)
  A ballistomycete spore (D)
1 creature vanquished.

Grand Total: 13 creatures vanquished

Notes
Turn   | Place    | Note
-------+----------+-------------------------------------------
     0 | D        | Kidiri the Deep Elf Fire Elementalist began the quest for the Orb.
     0 | D        | Reached XP level 1. HP: 10/10 MP: 6/6
     2 | D        | Noticed Ijyb
     8 | D        | Killed Ijyb
     8 | D        | Reached skill level 1 in Fighting
     8 | D        | Reached skill level 1 in Armour
     8 | D        | Reached skill level 5 in Spellcasting
     8 | D        | Reached XP level 2. HP: 16/16 MP: 0/10
    12 | D        | Learned a level 2 spell: Throw Flame
    90 | D        | Noticed an ogre
    98 | D        | Killed an ogre
    98 | D        | Reached skill level 6 in Spellcasting
    98 | D        | Reached XP level 3. HP: 22/22 MP: 8/13
    98 | D        | Reached XP level 4. HP: 27/27 MP: 8/14
   103 | D        | Learned a level 3 spell: Conjure Flame
   107 | D        | Learned a level 3 spell: Inner Flame
   112 | D        | Learned a level 4 spell: Sticky Flame
   156 | D        | Noticed Sigmund
   163 | D        | Killed Sigmund
   163 | D        | Reached skill level 5 in Dodging
   163 | D        | Reached skill level 8 in Spellcasting
   163 | D        | Reached skill level 5 in Fire Magic
   163 | D        | Reached XP level 5. HP: 23/32 MP: 11/18
   252 | D        | Learned a level 5 spell: Fireball
   253 | D        | Found a burning altar of Makhleb.
   253 | D        | Found a viscous altar of Jiyva.
   253 | D        | Found a shimmering altar of Xom.
   253 | D        | Found a corrupted altar of Lugonu.
   253 | D        | Noticed a slime creature
   269 | D        | Killed a slime creature
   269 | D        | Reached skill level 10 in Spellcasting
   269 | D        | Reached skill level 5 in Conjurations
   269 | D        | Reached XP level 6. HP: 11/38 MP: 13/21
   513 | D        | Found a deep blue altar of Sif Muna.
   515 | D        | Found a radiant altar of Vehumet.
   532 | D        | Became a worshipper of Vehumet
   564 | D        | Found Fumn's Antique Weapon Emporium.
   564 | D        | Found an ancient bone altar of Kikubaaqudgha.
   564 | D        | Found a hazy altar of Hepliaklqana.
   564 | D        | Found a stormy altar of Qazlal.
   564 | D        | Found a hide-covered altar of Uskayaw.
   564 | D        | Found a blossoming altar of Fedhas.
   564 | D        | Found a bloodstained altar of Trog.
   564 | D        | Found an iron altar of Okawaru.
   564 | D        | Found a basalt altar of Yredelemnul.
   564 | D        | Found a glowing golden altar of the Shining One.
   564 | D        | Found a snail-covered altar of Cheibriados.
   564 | D        | Found a sacrificial altar of Ru.
   564 | D        | Found a glowing silver altar of Zin.
   564 | D        | Found a shadowy altar of Dithmenos.
   564 | D        | Found a white marble altar of Elyvilon.
   564 | D        | Noticed a yak
   577 | D        | Killed a yak
   577 | D        | Reached XP level 7. HP: 19/44 MP: 16/23
   592 | D        | Found an opulent altar of Gozag.
   593 | D        | Found a sparkling altar of Nemelex Xobeh.
   597 | D        | Bought an ichor-stained short sword for 176 gold pieces
   597 | D        | Identified the +7 short sword "Mefyumos" {pierce, Dex+6} (You bought it in a shop in the Dungeon)
   760 | D        | Noticed Sonja
   767 | D        | Killed Sonja
   767 | D        | Reached skill level 5 in Fighting
   767 | D        | Reached skill level 5 in Short Blades
   767 | D        | Reached skill level 5 in Armour
   767 | D        | Reached skill level 12 in Spellcasting
   767 | D        | Reached XP level 8. HP: 30/49 MP: 15/26
  1080 | D        | Found Wuyck's Magic Scroll Boutique.
  1201 | D        | Noticed a deep troll
  1209 | D        | Killed a deep troll
  1209 | D        | Reached * piety under Vehumet
  1209 | D        | Offered knowledge of Freeze by Vehumet.
  1209 | D        | Reached skill level 13 in Spellcasting
  1244 | D        | Found Pataic's Armour Emporium.
  1249 | D        | Bought a +0 pair of gloves for 49 gold pieces
  1249 | D        | Bought a +0 leather armour of fire resistance for 99 gold pieces
  1249 | D        | Bought a +0 buckler of cold resistance for 126 gold pieces
  1249 | D        | Bought a cursed +0 helmet for 16 gold pieces
  1249 | D        | Bought a +2 cloak of invisibility for 236 gold pieces
  1316 | D        | Bought a scroll of enchant armour for 90 gold pieces
  1316 | D        | Bought a scroll of identify for 24 gold pieces
  1340 | D        | Noticed a centaur warrior
  1342 | D        | Noticed a centaur warrior
  1346 | D        | Shot with an arrow by a centaur warrior

Vault maps used:
D:        dungeon_sprint_1

Skill      XL: |  1  2  3  4  5  6  7  8 |
---------------+-------------------------+-----
Fighting       | 1 2 3 4 5 |  5.7
Armour         | 1 2 3 4 5 |  5.7
Dodging        | 3 4 5 6 7 8 |  8.7
Spellcasting   | 5 6 8 10 12 13 | 13.0
Conjurations   | 2 3 4 5 6 7 |  7.8
Fire Magic     | 4 5 6 7 8 |  8.3
Short Blades   | 2 3 4 5 6 |  6.4
Stealth        | |  2.4

Action                   |  1- 3 |  4- 6 |  7- 9 || total
-------------------------+-------+-------+-------++-------
Melee: Dagger            |     1 |     4 |       ||     5
       Short sword       |       |       |     4 ||     4
 Cast: Flame Tongue      |     7 |     1 |     4 ||    12
       Sticky Flame      |       |     6 |     3 ||     9
       Fireball          |       |       |     5 ||     5
       Conjure Flame     |       |       |     1 ||     1
  Use: Potion            |       |       |     2 ||     2
       Scroll            |       |       |     2 ||     2
 Stab: Sleeping          |     1 |     2 |       ||     3
  Eat: Bread ration      |       |       |     1 ||     1
Armor: Robe              |       |     1 |       ||     1
Dodge: Dodged            |     7 |     2 |     5 ||    14
